 Dungeon Crawl Stone Soup version 0.29.0-4-gdea44cf6ec (webtiles) character file.

Game seed: 177689556945550657

111 qw the Chopper (level 4, -4/26 HPs)
             Began as a Tengu Warper on Aug 29, 2022.
             Frozen to death by an endoplasm (5 damage)
             ... on level 2 of the Dungeon.
             The game lasted 00:00:26 (1361 turns).

qw the Chopper (Tengu Warper)                       Turns: 1361, Time: 00:00:27

Health: -4/26      AC:  3    Str: 13    XL:     4   Next: 92%
Magic:  8/8        EV: 12    Int: 13    God:
Gold:   164        SH:  0    Dex: 14    Spells: 7/7 levels left

rFire   . . .      SeeInvis .   Y - +0 hand axe
rCold   . . .      Faith    .   (no shield)
rNeg    . . .      Spirit   .   b - +0 leather armour
rPois   .          Reflect  .   (helmet restricted)
rElec   .          Harm     .   (no cloak)
rCorr   .          Rampage  .   (no gloves)
Will    .....                   (boots unavailable)
Stlth   +.........              (no amulet)
HPRegen 0.08/turn               (no ring)
MPRegen 0.11/turn               (no ring)

@: no status effects
A: beak, talons 3
a: no special abilities


You were on level 2 of the Dungeon.
You visited 1 branch of the dungeon, and saw 2 of its levels.

You collected 164 gold pieces.


Innate Abilities, Weirdness & Mutations

You have a beak for a mouth.
You have claws for feet.


   Skills:
 - Level 2.0 Fighting
 + Level 5.4 Axes
 - Level 1.0 Throwing
 - Level 1.1 Armour
 - Level 2.1 Dodging
 - Level 2.0 Spellcasting
 - Level 2.4 Translocations


You had 7 spell levels left.
You didn't know any spells.
Your spell library contained the following spells:

 Spells                   Type           Power      Damage    Failure   Level
 Blink                    Tloc           14%        N/A       19%         2
 Gell's Gravitas          Tloc           7%         N/A       36%         3
 Lesser Beckoning         Tloc           7%         N/A       36%         3
 Teleport Other           Tloc           7%         N/A       36%         3
 Manifold Assault         Tloc           7%         N/A       98%         5

Inventory:

Hand Weapons
 i - a +0 club
 Y - a +0 hand axe (weapon)
Armour
 b - a +0 leather armour (worn)
 l - a +0 buckler
Jewellery
 a - a +4 ring of evasion
Scrolls
 c - a scroll of enchant weapon {unknown}
 e - a scroll of silence {unknown}
 h - 2 scrolls of identify
Potions
 d - a potion of brilliance {unknown}
 f - a potion of lignification {unknown}
 g - a potion of invisibility {unknown}
 j - a potion of heal wounds {unknown}
 k - a potion of cancellation {unknown}

Dungeon Overview and Level Annotations

Branches:
Dungeon (2/15)

Altars:


Message History

An endoplasm comes into view.
Enter note:
Enter note: The endoplasm quivers.
Natasha, Servant of Life and Death comes into view.
Natasha hisses angrily.
You hit Natasha but do no damage. Your kick misses Natasha.
Natasha casts a spell at you. The magic dart hits you. Natasha claws you.
You hit Natasha.
Natasha is moderately wounded.
Natasha casts a spell at you. The magic dart hits you!
You closely miss Natasha. Your kick misses Natasha.
Natasha is moderately wounded.
Natasha stares at you and mumbles some strange words.
The magic dart hits you.
You barely miss Natasha. Your kick misses Natasha.
Natasha is moderately wounded.
Natasha mumbles some strange words.
You feel disoriented. Natasha barely misses you.
You hit Natasha but do no damage. You claw Natasha. You peck Natasha.
Natasha is severely wounded.
Natasha closely misses you.
You hit Natasha but do no damage. You peck Natasha.
Natasha is almost dead.
Natasha stares at you and mumbles some strange words.
The magic dart hits you.
You hit Natasha. You claw Natasha.
You kill Natasha!
You feel Natasha's spirit has finally been put to rest.
A goblin comes into view. It is wielding a +0 dagger.
1360 ||| Stepping ~*~*~tactically~*~*~ (stealth).
The goblin shouts!
You hit the endoplasm.
The endoplasm is almost dead.
The endoplasm freezes you.
You are frozen.
You die...

#.# #.# #.#
#.# #.# #.#
########.# #.#
#.##
.........# #.#
#...
########## #.#
# #### # #.#
.### # #.#
....# #######
#
#.######......
.......
#....@J!......
#######
########.....#
..g.# .### #


You could see an endoplasm and a goblin.

Vanquished Creatures
  Natasha (thrice) (D:2)
  2 adders (D:2)
  2 ball pythons (D:1)
  2 endoplasms (D:1)
  A goblin (D:1)
  A hobgoblin (D:1)
  4 jackals (D:2)
  A kobold (D:2)
  A quokka (D:1)
  2 bats
  A frilled lizard (D:2)
  2 rats (D:1)
22 creatures vanquished.

Vanquished Creatures (others)
  A plant (D:1)
1 creature vanquished.

Grand Total: 23 creatures vanquished

Notes
Turn   | Place    | Note
-------+----------+-------------------------------------------
     0 | D:1      | qw the Tengu Warper began the quest for the Orb.
     0 | D:1      | Reached XP level 1. HP: 12/12 MP: 4/4
     0 | D:1      | 0 ||| qw: Version: 0.1-a-89-g26bdef1
     0 | D:1      | 0 ||| qw: Game counter: 3442
     0 | D:1      | 0 ||| qw: Always use a shield: true
     0 | D:1      | 0 ||| qw: God list: Okawaru
     0 | D:1      | 0 ||| qw: Allow faded altars: false
     0 | D:1      | 0 ||| qw: Do Orc after D:15 true
     0 | D:1      | 0 ||| qw: Do second Lair branch before Depths: true
     0 | D:1      | 0 ||| qw: Lair rune preference: random
     0 | D:1      | 0 ||| qw: Plans: Normal
     0 | D:1      | 0 ||| PLANNING D:1-11
   170 | D:1      | Found a faded altar of an unknown god.
   376 | D:1      | Reached skill level 3 in Axes
   376 | D:1      | Reached XP level 2. HP: 17/17 MP: 6/6
   474 | D:1      | 474 ||| READING scroll labelled UBUSUN PIOTE.
   475 | D:1      | 475 ||| READING scroll labelled UDDAUT GIYCREOT.
   476 | D:1      | 476 ||| READING 2 scrolls labelled SETYOCWYN.
   477 | D:1      | 477 ||| DRINKING 2 glowing sapphire potions.
   478 | D:1      | 478 ||| DROPPING scroll of blinking.
   516 | D:2      | 516 ||| DRINKING potion of curing.
   516 | D:2      | 516 ||| (to cure poison)
   610 | D:2      | Noticed Natasha
   615 | D:2      | Killed Natasha
   616 | D:2      | Reached skill level 4 in Axes
   616 | D:2      | Reached XP level 3. HP: 6/21 MP: 7/7
   884 | D:2      | 884 ||| Stepping ~*~*~tactically~*~*~ (stealth).
  1084 | D:2      | 1084 ||| Stepping ~*~*~tactically~*~*~ (stealth).
  1091 | D:2      | Reached XP level 4. HP: 25/26 MP: 8/8
  1195 | D:2      | Noticed Natasha
  1196 | D:2      | 1196 ||| Stepping ~*~*~tactically~*~*~ (stealth).
  1200 | D:2      | Killed Natasha
  1201 | D:2      | Reached skill level 5 in Axes
  1350 | D:2      | Noticed Natasha
  1355 | D:2      | HP: 4/26 [Natasha/magic dart (6)]
  1358 | D:2      | HP: 1/26 [Natasha/magic dart (4)]
  1359 | D:2      | Killed Natasha
  1360 | D:2      | 1360 ||| Stepping ~*~*~tactically~*~*~ (stealth).
  1361 | D:2      | Frozen to death by an endoplasm

Levels and vault maps discovered:
D:1:      saegor_arrival_simple_b, layout_rooms, chequers_ecumenical_altar_lobes
D:2:      layout_loops_ring, uniq_natasha

Skill      XL: |  1  2  3  4 |
---------------+-------------+-----
Axes           | 3 4 5 |  5.4
Fighting       | |  2.0
Throwing       | |  1.0
Armour         | |  1.1
Dodging        | |  2.1
Spellcasting   | |  2.0
Translocations | |  2.4

Action                   |  1- 3 |  4- 6 || total
-------------------------+-------+-------++-------
Melee: Hand axe          |    47 |    21 ||    68
       Peck              |     5 |     5 ||    10
       Kick              |     8 |     5 ||    13
Throw: Boomerang         |     7 |       ||     7
  Use: Scroll            |     3 |       ||     3
       Potion            |     2 |       ||     2
Armor: Leather armour    |    21 |     5 ||    26
Dodge: Dodged            |    22 |     5 ||    27

Table legend:
 A = Non-vault XP
 B = Vault XP
 C = Vault XP percentage of total XP
 D = Non-vault monster count
 E = Vault monster count
 F = Vault count percentage of total count
                 A         B        C        D         E       F
            +---------+---------+-------+---------+---------+-------
      Total |     124 |      35 |  22.0 |      21 |       1 |   4.5
            +---------+---------+-------+---------+---------+-------
        D:1 |      16 |       0 |   0.0 |      10 |       0 |   0.0
        D:2 |     108 |      35 |  24.5 |      11 |       1 |   8.3
            +---------+---------+-------+---------+---------+-------
